AoeStats
← MooseMooch

Arabia

509044744Analyzed
1v1 RM · 7d ago on Sep 25, 2026· 42m 16s· 2 players
Game mode
Random Map
Map size
Tiny (2 player)
Population
200
Speed
Normal
Resources
Standard
Victory
Conquest
Starting age
Dark Age
Ending age
Imperial Age
RankedLock teamsTeams togetherTeam positionsShared explorationLock speedFull tech treeHidden civsTurbo modeCheats
Victory
Defeat
🇨🇳 Khitans · China
1286
+18
🇩🇪 Portuguese · Germany
1319
-18
精锐蒙古突骑
6:28 Loom
9:16 Feudal Age
9:49 Double-Bit Axe
13:48 Domestication
15:55 Wheelbarrow
21:18 Castle Age
19:15 Gold Mining
20:07 Forging
20:07 Fletching
20:26 Scale Barding Armor
22:37 Iron Casting
21:30 Light Cavalry
23:42 Chain Barding Armor
28:10 Husbandry
35:12 Hand Cart
41:11 Imperial Age
41:18 Hussar
42:36 Plate Barding Armor
MooseMooch
6:47 Loom
9:24 Feudal Age
10:06 Double-Bit Axe
13:08 Fletching
16:41 Wheelbarrow
20:19 Castle Age
18:14 Horse Collar
19:12 Gold Mining
19:39 Padded Archer Armor
20:35 Crossbowman
21:11 Bodkin Arrow
21:28 Bow Saw
22:45 Ballistics
25:44 Thumb Ring
31:06 Scale Barding Armor
31:02 Husbandry
31:13 Bloodlines
32:04 Chain Barding Armor
31:55 Forging
Connection lost

Rejoining the realm…

Still unreachable

The connection could not be restored.

Session expired

The server has moved on; the page needs a fresh start.